Map: Proxima Station LE

Players

puCK (Nina)

  • Race: Protoss Protoss
  • Spawn Location: 1:00

uThermal - Winner!

  • Race: Terran Terran
  • Spawn Location: 7:00

Event: WCS Austin 2017

VOD

Have the link to the VOD?

Description

Time

  • Played on: April 28, 2017, 7:58 p.m.
  • Length: 11:41

All games in this series

Show
View Real Time Build Order
Export as new Build Order

puCK Protoss 

Build Orders: 1 Gate Expand 

Get SALT Encoding   

  12  0:00  Probe (Chrono Boost)  
  13  0:11  Probe (Chrono Boost)  
  14  0:18  Pylon  
  14  0:22  Probe (Chrono Boost)  
  15  0:37  Probe (Chrono Boost)  
  15  0:38  Gateway  
  15  0:41  Assimilator  
  16  0:48  Probe (Chrono Boost)  
  17  0:58  Probe (Chrono Boost)  
  18  1:09  Probe (Chrono Boost)  
  19  1:19  Probe (Chrono Boost)  
  20  1:28  Nexus  
  20  1:37  Cybernetics Core  
  20  1:40  Probe (Chrono Boost)  
  20  1:45  Assimilator  
  21  1:51  Probe (Chrono Boost)  
  22  1:56  Pylon  
  22  2:02  Probe (Chrono Boost)  
  23  2:13  Stalker  
  23  2:14  Mothership Core (Chrono Boost)  
  27  2:16  Warp Gate  
  27  2:34  Probe (Chrono Boost)  
  28  2:39  Stalker  
  28  2:41  Probe (Chrono Boost)  
  31  2:46  Probe (Chrono Boost)  
  31  2:48  Robotics Facility  
  33  2:51  Probe (Chrono Boost)  
  33  2:58  Probe (Chrono Boost)  
  34  3:02  Probe (Chrono Boost)  
  34  3:05  Stalker  
  35  3:07  Assimilator  
  35  3:11  Probe (Chrono Boost)  
  38  3:14  Probe (Chrono Boost)  
  38  3:17  Pylon  
  39  3:23  Probe (Chrono Boost)  
  39  3:26  Probe (Chrono Boost)  
  41  3:31  Gateway  
  41  3:33  Observer  
  42  3:35  Probe (Chrono Boost)  
  42  3:37  Probe (Chrono Boost)  
  42  3:40  Stalker  
  46  3:47  Probe (Chrono Boost)  
  47  3:49  Probe (Chrono Boost)  
  47  3:51  Observer  
  49  3:58  Robotics Bay  
  49  3:59  Probe (Chrono Boost)  
  49  4:00  Probe (Chrono Boost)  
  51  4:04  Pylon  
  51  4:10  Probe (Chrono Boost)  
  51  4:12  Probe (Chrono Boost)  
  53  4:17  Warp Prism  
  55  4:26  Probe (Chrono Boost), Pylon  
  55  4:29  Probe (Chrono Boost)  
  55  4:31  Twilight Council  
  57  4:34  Stalker  
  60  4:38  Probe (Chrono Boost)  
  60  4:39  Assimilator  
  60  4:44  Gateway  
  60  4:47  Probe (Chrono Boost)  
  60  4:48  Disruptor  
  60  4:50  Gravitic Drive  
  61  4:58  Pylon  
  65  5:00  Probe (Chrono Boost)  
  65  5:03  Probe (Chrono Boost)  
  66  5:08  Stalker x2  
  67  5:14  Probe (Chrono Boost)  
  67  5:15  Probe (Chrono Boost)  
  66  5:25  Probe (Chrono Boost)  
  66  5:27  Probe (Chrono Boost)  
  68  5:29  Blink  
  69  5:35  Probe (Chrono Boost)  
  69  5:39  Disruptor, Probe (Chrono Boost)  
  73  5:43  Pylon  
  73  5:46  Probe (Chrono Boost)  
  74  5:56  Stalker  
  77  5:57  Probe (Chrono Boost)  
  77  6:02  Pylon  
  77  6:05  Stalker x2  
  82  6:12  Probe (Chrono Boost)  
  82  6:13  Pylon  
  82  6:17  Disruptor, Gateway  
  82  6:18  Gateway  
  81  6:31  Stalker x3  
  81  6:48  Disruptor, Gateway  
  81  6:50  Pylon  
  81  6:53  Pylon  
  84  6:56  Stalker x2  
  84  6:57  Stalker  
  90  7:07  Pylon  
  90  7:23  Nexus  
  90  7:28  Stalker x4  
  90  7:29  Stalker  
  100  7:33  Pylon  
  100  7:44  Forge  
  100  7:49  Pylon  
  100  7:51  Pylon  
  100  7:55  Pylon  
  100  7:57  Zealot x3  
  100  7:58  Zealot  
  108  8:03  Stalker  
  110  8:06  Stalker  
  110  8:09  Probe (Chrono Boost)  
  110  8:10  Disruptor  
  110  8:11  Probe (Chrono Boost)  
  114  8:15  Protoss Ground Armor Level 1  
  116  8:21  Probe (Chrono Boost)  
  116  8:23  Probe (Chrono Boost)  
  111  8:32  Forge  
  111  8:33  Probe (Chrono Boost)  
  113  8:35  Probe (Chrono Boost)  
  113  8:37  Probe (Chrono Boost)  
  113  8:39  Assimilator  
  114  8:46  Probe (Chrono Boost), Pylon  
  114  8:47  Probe (Chrono Boost)  
  114  8:48  Probe (Chrono Boost)  
  117  8:49  Robotics Facility  
  117  8:51  Protoss Ground Weapons Level 1  
  117  8:58  Disruptor, Probe (Chrono Boost)  
  117  8:59  Assimilator, Probe x2 (Chrono Boost)  
  123  9:09  Pylon  
  123  9:16  Photon Cannon  
  123  9:29  Stalker  
  123  9:30  Stalker x5  
  130  9:31  Photon Cannon  
  130  9:35  Observer  
  132  9:39  Disruptor  
  133  9:55  Stalker x2  
  133  9:56  Stalker x2  
  133  9:58  Pylon  
  141  10:00  Pylon  
  138  10:07  Stalker x2  
  142  10:14  Disruptor  
  142  10:19  Stalker x4  
  153  10:25  Disruptor  
  139  10:45  Stalker x3  
  139  10:46  Disruptor, Stalker x3  
  107  11:22  Stalker x3  
  99  11:29  Stalker x3  
Show
View Real Time Build Order
Export as new Build Order

uThermal Terran - Winner!

Build Orders:  

Get SALT Encoding   

  12  0:02  SCV  
  13  0:14  SCV  
  14  0:19  Supply Depot  
  14  0:26  SCV  
  15  0:40  SCV  
  16  0:43  Barracks  
  16  0:44  Refinery  
  16  0:53  SCV  
  17  1:05  SCV  
  18  1:17  SCV  
  19  1:30  Marine, Orbital Command  
  20  1:42  Command Center  
  20  1:51  Factory  
  20  1:56  SCV  
  21  2:03  Barracks Reactor  
  21  2:08  SCV  
  22  2:14  Supply Depot, Refinery  
  22  2:20  SCV  
  23  2:36  SCV  
  24  2:39  Marine x2  
  24  2:40  Starport  
  24  2:43  Widow Mine  
  28  2:48  SCV  
  29  2:54  Orbital Command  
  29  2:57  Marine x2  
  31  3:00  SCV  
  32  3:12  SCV  
  33  3:16  Widow Mine  
  33  3:17  Medivac, Marine x2  
  33  3:19  SCV  
  40  3:26  Supply Depot, SCV  
  41  3:31  SCV  
  42  3:35  Marine x2  
  44  3:42  SCV  
  44  3:44  SCV  
  44  3:47  Widow Mine  
  44  3:48  Medivac  
  50  3:52  Engineering Bay  
  50  3:55  Supply Depot, Marine  
  51  3:56  Marine  
  51  3:58  SCV x2  
  51  4:02  Liberator  
  54  4:05  Supply Depot  
  54  4:17  Marine x2, SCV x2  
  54  4:18  Factory Tech Lab  
  61  4:24  Missile Turret  
  61  4:25  Missile Turret  
  61  4:29  SCV  
  62  4:34  Marine x2  
  62  4:37  Supply Depot  
  64  4:39  Siege Tank  
  64  4:40  SCV  
  64  4:44  Liberator  
  68  4:48  SCV  
  68  4:50  Supply Depot  
  68  4:52  SCV  
  70  4:58  Supply Depot, Marine x2  
  72  5:00  SCV  
  72  5:04  SCV  
  77  5:12  SCV  
  78  5:16  Marine x2, SCV  
  78  5:17  Siege Tank  
  84  5:23  Supply Depot x2  
  84  5:24  SCV  
  81  5:28  SCV  
  81  5:34  Marine  
  83  5:35  Marine  
  83  5:36  SCV  
  83  5:37  Command Center  
  83  5:40  SCV  
  86  5:49  SCV  
  87  5:53  SCV  
  87  5:55  Siege Tank  
  87  5:56  Marine  
  87  6:01  Marine, SCV  
  87  6:04  Barracks  
  89  6:05  Barracks, SCV  
  88  6:13  SCV  
  88  6:14  Marine  
  88  6:15  Barracks  
  88  6:17  Barracks, SCV  
  91  6:25  SCV  
  84  6:32  Siege Tank, SCV  
  84  6:34  Marine x2  
  84  6:36  Refinery  
  84  6:37  Refinery, SCV  
  87  6:40  Viking  
  87  6:44  SCV  
  87  6:49  SCV  
  87  6:50  Orbital Command  
  87  6:52  Barracks Tech Lab x2  
  88  6:56  SCV  
  89  7:01  SCV  
  89  7:07  Missile Turret  
  90  7:08  SCV  
  90  7:10  Barracks Tech Lab  
  90  7:11  Barracks Reactor  
  90  7:12  Combat Shields, Stimpack  
  91  7:17  Orbital Command  
  91  7:21  SCV  
  92  7:23  Missile Turret  
  92  7:24  Missile Turret, Marine x2  
  92  7:26  Starport Reactor, Missile Turret  
  92  7:29  Marine  
  94  7:30  Marine  
  96  7:38  Concussive Shells  
  96  7:40  Terran Infantry Weapons Level 1  
  96  7:42  SCV  
  97  7:48  Supply Depot, Marauder  
  97  7:50  Supply Depot  
  98  7:51  Marine  
  98  7:52  Supply Depot  
  98  7:57  Supply Depot  
  98  7:58  Supply Depot  
  99  8:00  Siege Tank  
  99  8:01  Marine  
  99  8:02  Marine  
  99  8:04  Marine  
  99  8:05  Marine  
  106  8:10  Marauder  
  106  8:11  Supply Depot, Marine  
  109  8:14  Marine  
  109  8:19  Marine  
  106  8:22  Marine, SCV  
  106  8:23  Marauder  
  106  8:26  Medivac  
  109  8:30  SCV x2  
  109  8:32  Marauder, Siege Tank  
  116  8:35  Marauder  
  116  8:36  Marine  
  116  8:38  SCV  
  116  8:39  Marine x2  
  116  8:40  Medivac  
  124  8:43  Marine  
  124  8:44  Marine  
  126  8:52  Marine  
  126  8:53  Factory, Marine  
  128  8:56  Medivac, Marauder  
  128  8:59  Marine x2  
  136  9:03  Marauder, Marine  
  136  9:05  Missile Turret  
  137  9:10  Medivac, Marine  
  140  9:17  Marauder, Siege Tank  
  140  9:18  Marine  
  146  9:26  Medivac  
  146  9:27  Marauder, Marine  
  146  9:30  Supply Depot, Refinery x2  
  146  9:31  Marauder, Marine  
  154  9:32  Marine  
  154  9:34  Supply Depot  
  154  9:36  Marine  
  156  9:39  Marauder  
  156  9:43  Supply Depot  
  156  9:44  Supply Depot, Marine  
  158  9:49  Marauder  
  161  9:53  Marauder, Siege Tank  
  164  10:05  SCV  
  159  10:07  Marine x2, SCV  
  159  10:08  Marauder  
  159  10:09  Command Center  
  159  10:10  Marauder  
  159  10:11  SCV  
  167  10:15  Marauder, Marine x2  
  171  10:25  Marine x2  
  171  10:28  Siege Tank  
  175  10:29  Marauder  
  175  10:31  Marauder  
  175  10:32  Marine  
  175  10:33  Factory  
  164  10:47  Marauder, Marine x2  
  168  10:51  Marauder  
  168  10:52  Marine x2  
  168  10:53  Marauder  
  168  10:54  Medivac  
  173  11:05  Marine  
  173  11:09  Marauder  
  166  11:12  Marauder, Marine  
  166  11:14  Marauder  
  154  11:23  Marine x3  
Tags
 
Add a new tag
Caveats
  • Supply blocks, unpowered buildings, or Contaminate may cause inaccurate times.
  • Supply counts are checked every 10 seconds.